 Dungeon Crawl Stone Soup version 0.30-a0-989-g0d87f670db (webtiles) character file.

Game seed: 14118509305296093004

30 Maxmaps the Changer (level 3, 0/26 HPs)
             Began as a Demonspawn Transmuter on Apr 4, 2023.
             Frozen to death by an endoplasm (3 damage)
             ... on level 1 of the Dungeon.
             The game lasted 00:00:52 (523 turns).

Maxmaps the Changer (Demonspawn Transmuter)          Turns: 523, Time: 00:00:53

Health: 0/26       AC:  2    Str: 10    XL:     3   Next: 5%
Magic:  6/6        EV: 12    Int: 16    God:
Gold:   82         SH:  0    Dex: 13    Spells: 5/6 levels left

rFire   . . .      SeeInvis .    e - +0 dagger (venom)
rCold   . . .      Faith    .    (no shield)
rNeg    . . .      Spirit   .    a - +0 robe
rPois   .          Reflect  .    (no helmet)
rElec   .          Rampage  .    (no cloak)
rCorr   .                        (no gloves)
Will    .....                    (no boots)
Stlth   +                        (no amulet)
HPRegen 0.24/turn                (no ring)
MPRegen 0.10/turn                (no ring)

@: no status effects
A: powered by pain 1
a: no special abilities


You were on level 1 of the Dungeon.
You visited 1 branch of the dungeon, and saw 1 of its levels.

You collected 82 gold pieces.

Inventory:

Hand Weapons
 e - a +0 dagger of venom (weapon)
Armour
 a - a +0 robe (worn)
 c - a +0 buckler
Scrolls
 d - 3 scrolls of enchant weapon {unknown}
Potions
 b - a potion of lignification


   Skills:
 - Level 1.0 Fighting
 - Level 1.7 Dodging
 - Level 2.6 Unarmed Combat
 - Level 2.0 Spellcasting
 + Level 3.2 Transmutations


You had 5 spell levels left.
You knew the following spells:

 Your Spells              Type           Power      Damage    Failure   Level
a - Beastly Appendage     Tmut           24%        N/A       5%          1

Your spell library contained the following spells:

 Spells                   Type           Power      Damage    Failure   Level
 Wereblood                Tmut           12%        N/A       9%          2
 Spider Form              Tmut/Pois      6%         N/A       32%         3
 Ice Form                 Ice/Tmut       6%         N/A       71%         4


Dungeon Overview and Level Annotations

Branches:
Dungeon (1/15)

Altars:

Shops:
D:1 *


Innate Abilities, Weirdness & Mutations

You sometimes gain a little power by taking damage.


Message History

You have reached level 3!
Your experience leads to an increase in your attributes!
Increase (S)trength, (I)ntelligence, or (D)exterity?
You feel clever. x2
You barely miss the ball python. The ball python bites you.
The ball python barely misses you.
You closely miss the ball python. The ball python bites you.
The ball python grabs you. The ball python constricts you.
You closely miss the ball python. The ball python completely misses you.
The ball python constricts you.
The endoplasm hits you but does no damage.
You hit the ball python.
You kill the ball python!
The endoplasm freezes you.
You are frozen.
You are too injured to fight recklessly!
You are too injured to fight recklessly!
You are too injured to fight recklessly!
You are too injured to fight recklessly!
You are too injured to fight recklessly!
You are too injured to fight recklessly!
You are too injured to fight recklessly!
You are too injured to fight recklessly!
You completely miss the endoplasm. The endoplasm freezes you.
You are frozen.
You hit the endoplasm but do no damage. Your punch misses the endoplasm.
The endoplasm jiggles.
The endoplasm hits you.
* * * LOW HITPOINT WARNING * * *
You hit the endoplasm.
The endoplasm is poisoned.
The endoplasm is heavily wounded.
The endoplasm freezes you.
You are frozen.
* * * LOW HITPOINT WARNING * * *
You barely miss the endoplasm.
The endoplasm is severely wounded.
The endoplasm freezes you.
You are frozen.
You die...

.....?.....## ............ .
#.........## ##. .. ...........
... ...##.......... .###.
............# ..... ......).J..#
# # ... #. #.@...##.. # #.# #.
#..#.....# #.# ##.###..#.....# #
#.# ...##.......### ###.#
#.##.###..##.## ....####
#........##...## # .##....##
#.......##.....## ##
'...#...####......##.......##+##.
'...........).....'.......).'.'..


You could see an endoplasm (very poisoned).

Vanquished Creatures
  A dart slug (D:1)
  A ball python (D:1)
  4 endoplasms (D:1)
  2 giant cockroaches (D:1)
  5 goblins (D:1)
  3 hobgoblins (D:1)
  5 bats (D:1)
  4 rats (D:1)
25 creatures vanquished.

Notes
Turn   | Place    | Note
-------+----------+-------------------------------------------
     0 | D:1      | Maxmaps the Demonspawn Transmuter began the quest for the
                  | Orb.
     0 | D:1      | Reached XP level 1. HP: 15/15 MP: 3/3
    51 | D:1      | Reached skill level 2 in Transmutations
   147 | D:1      | Gained mutation: You sometimes gain a little power by
                  | taking damage. [demonic ancestry]
   147 | D:1      | Reached XP level 2. HP: 21/21 MP: 3/5
   243 | D:1      | Found Luaqiu Oliogg's Assorted Antiques.
   322 | D:1      | Reached skill level 3 in Transmutations
   460 | D:1      | Found a faded altar of an unknown god.
   516 | D:1      | Reached XP level 3. HP: 20/26 MP: 6/6
   523 | D:1      | Frozen to death by an endoplasm

Illustrated notes

Levels and vault maps discovered:
D:1:      elethiomel_arrival_diamonds, layout_rooms,
          hellmonk_ecumenical_altar_heavens_door, serial_shops,
          nicolae_shop_stone

Skill      XL: |  1  2 |
---------------+-------+-----
Transmutations | 2 3 |  3.2
Fighting       | |  1.0
Dodging        | |  1.7
Unarmed Combat | |  2.6
Spellcasting   | |  2.0

Action                     || total
---------------------------++-------
  Melee: Unarmed           ||    50
         Punch             ||     2
         Dagger            ||    37
         Kick              ||     4
         Headbutt          ||     3
   Cast: Beastly Appendage ||     4
 Armour: Robe              ||    18
  Dodge: Dodged            ||    67

Table legend: (Time is in decaauts)
 A = Elapsed time spent in this place.
 B = Non-inter-level travel time spent in this place.
 C = Inter-level travel time spent in this place.
 D = Time resting spent in this place.
 E = Time spent auto-exploring this place.
 F = Levels seen in this place.
 G = Mean time per level.
                   A        B        C        D        E       F      G
               +--------+--------+--------+--------+--------+-----+--------+
         Total |    519 |    519 |      0 |     79 |    263 |   1 |  519.0 |
       Dungeon |    519 |    519 |      0 |     79 |    263 |   1 |  519.0 |
               +--------+--------+--------+--------+--------+-----+--------+

Top non-repeatable levels by time:
     D:1: 519 daAuts
